 Dungeon Crawl Stone Soup version 0.17.1-3-g152610e (webtiles) character file.

6138 manyhoops the Carver (level 10, 0/82 HPs)
             Began as a Demonspawn Gladiator on Apr 27, 2016.
             Was a High Priest of Okawaru.
             Killed from afar by an electric eel (12 damage)
             ... with a bolt of electricity
             ... on level 10 of the Dungeon.
             The game lasted 00:17:47 (9640 turns).

manyhoops the Carver (Demonspawn Gladiator)         Turns: 9640, Time: 00:17:48

Health: 0/82       AC: 22    Str: 24    XL:     10   Next: 59%
Magic:  10/10      EV:  8    Int: 12    God:    Okawaru [*****.]
Gold:   300        SH:  0    Dex: 17    Spells: 0 memorised, 9 levels left

rFire  . . .     SeeInvis .     b - +2 falchion (freeze)
rCold  + . .     Clarity  .     w - +0 plate armour
rNeg   . . .     SustAt   .     (no shield)
rPois  .         Gourm    .     c - +0 helmet
rElec  .         Spirit   .     v - +2 cloak {+Inv}
rCorr  .         Warding  .     L - +0 pair of gloves of Duck's Teeth {+Blink Int+2}
rMut   .         Stasis   .     E - +1 pair of boots
MR     .....                    (no amulet)
Stlth  ..........               t - +5 ring of strength
                                g - +4 ring of slaying

@: about to teleport, not resistant to hostile enchantments, extremely
unstealthy
A: claws 2, thin skeletal structure 2, cold resistance 1
a: Heroism, Finesse, Renounce Religion, Evoke Blink, Evoke Invisibility


You were on level 10 of the Dungeon.
You worshipped Okawaru.
Okawaru was extremely pleased with you.
You were not hungry.

You visited 2 branches of the dungeon, and saw 11 of its levels.

You collected 649 gold pieces.
You spent 349 gold pieces at shops.

Inventory:

Hand Weapons
 b - a +2 falchion of freezing (weapon)
 i - a +3 mace
Missiles
 d - 3 throwing nets (quivered)
Armour
 c - a +0 helmet (worn)
 v - a +2 cloak of invisibility (worn)
 w - a +0 plate armour (worn)
 E - a +1 pair of boots (worn)
 I - a +2 scale mail of cold resistance
 L - the +0 pair of gloves of Duck's Teeth (worn) {+Blink Int+2}
   (Okawaru gifted it to you on level 9 of the Dungeon)

   It affects your intelligence (+2).
   It lets you blink.
Jewellery
 g - a +4 ring of slaying (left hand)
 t - a +5 ring of strength (right hand)
 u - the ring "Atasud" {rN+ MR+ Str-4 SInv Stlth-}
   (You found it on level 4 of the Dungeon)

   [ring of loudness]

   It affects your strength (-4).
   It protects you from negative energy.
   It affects your resistance to hostile enchantments.
   It lets you see invisible.
   It makes you less stealthy.
 A - an uncursed ring of fire
Wands
 l - a wand of cold (7)
 n - a wand of random effects (17)
 p - a wand of slowing (27)
 y - a wand of draining (7)
 D - a wand of flame (18)
 H - a wand of invisibility (3)
Scrolls
 h - a scroll of enchant armour
 o - a scroll of teleportation
 s - a scroll of fear
 x - a scroll of remove curse
 F - a scroll of amnesia
 J - 2 scrolls of summoning
Potions
 f - a potion of agility
 k - a potion of cancellation {unknown}
 m - a potion of invisibility
 q - a potion of lignification
 B - a potion of might
 C - a potion of flight
 G - a potion of haste
Comestibles
 e - 4 bread rations
 z - 2 meat rations
 M - 15 fruits


   Skills:
 + Level 8.6 Fighting
 + Level 9.6 Long Blades
 - Level 1.7 Throwing
 + Level 8.7 Armour
 - Level 2.6 Dodging


You had 9 spell levels left.
You didn't know any spells.

Dungeon Overview and Level Annotations

Branches:
Dungeon (10/15)            Temple (0/1) D:5            Lair (0/8) D:10
    Orc (1/4) D:9

Altars:
Cheibriados
Dithmenos
Fedhas
Gozag
Kikubaaqudgha
Nemelex Xobeh
Okawaru
Qazlal
Sif Muna
Trog

Shops:
D:4 [(**[


Innate Abilities, Weirdness & Mutations

You have very sharp fingernails.
You have a moderately thin skeletal structure (Dex +4, Stealth+).
Your flesh is cold resistant.


Message History

The bolt of electricity hits you!
* * * LOW HITPOINT WARNING * * *
You are too injured to fight recklessly!
You are too injured to fight recklessly!
You are too injured to fight recklessly!
You are too injured to fight recklessly!
You are too injured to fight recklessly!
As you read the scroll of teleportation, it crumbles to dust.
You feel strangely unstable.
The electric eel shoots out a bolt of lightning at you!
The bolt of electricity hits you!
* * * LOW HITPOINT WARNING * * *
You feel better.
The electric eel shoots out a bolt of lightning at you!
The bolt of electricity hits the electric eel.
The electric eel completely resists.
The bolt of electricity hits you!
* * * LOW HITPOINT WARNING * * *
The electric eel shoots out a bolt of lightning at you!
The bolt of electricity hits you!
You die...

#....#........###. #
#................≈
.#.####...##......≈≈≈≈≈≈
...#.......#....<≈≈≈≈≈≈.
........≈≈≈≈...≈≈≈.####.
≈≈≈≈≈..≈≈≈≈≈≈≈≈≈≈≈......
≈≈≈;≈≈≈≈.%..≈≈≈≈##..####
≈≈≈≈.≈;≈......≈........#
≈.≈..#.@.........#......
... #.........#.#.....#
. #[........#.#...#.#
......#....#.#...#.#
##..####.............
#... #....#...#.#.# #...
#............# ......
#......#.#.### .......
#.....##.#....


You could see 2 electric eels.

Vanquished Creatures
  The ghost of manyhoops the Chopper, a novice DsGl of Okawaru (D:7)
  A hippogriff (D:7)
  A deep elf mage (D:9)
  A wyvern (D:10)
  A hungry ghost (D:8)
  6 yaks
  Menkaure (D:7)
  A black bear (D:6)
  Duvessa (D:5)
  2 sky beasts (D:7)
  2 phantoms
  3 orc warriors
  2 centaurs
  3 necrophages (D:9)
  An ogre (D:10)
  3 big kobolds
  A crocodile (D:6)
  7 giant frogs
  Dowan (D:5)
  2 scorpions
  A wyvern skeleton (D:9)
  9 wights
  2 vampire bats (D:4)
  6 crimson imps
  3 giant frog zombies
  2 hounds
  2 jellies
  A quasit (D:7)
  A giant frog skeleton (D:8)
  A centaur skeleton (D:8)
  9 orc priests
  4 orc wizards
  6 worker ants
  4 hound skeletons
  2 worker ant zombies
  12 adders
  4 gnolls
  3 shadow imps
  An ooze (D:3)
  An adder zombie (D:7)
  5 worms
  4 giant geckos
  24 orcs
  A ball python (D:3)
  9 bats
  2 bat skeletons (D:4)
  3 bat zombies (D:4)
  6 giant cockroaches
  3 goblins
  15 hobgoblins
  2 jackals (D:6)
  3 quokkas
  A giant cockroach zombie (D:6)
  6 giant newts
  22 kobolds
  2 quokka skeletons
  3 rats
226 creatures vanquished.

Vanquished Creatures (others)
  An adder skeleton (D:9)
1 creature vanquished.

Grand Total: 227 creatures vanquished

Notes
Turn   | Place    | Note
--------------------------------------------------------------
     0 | D:1      | manyhoops the Demonspawn Gladiator began the quest for the Orb.
     0 | D:1      | Reached XP level 1. HP: 16/16 MP: 1/1
   141 | D:1      | Reached skill level 3 in Long Blades
   287 | D:1      | Gained mutation: You have sharp fingernails. [demonic ancestry]
   287 | D:1      | Reached XP level 2. HP: 15/22 MP: 2/2
   622 | D:2      | Gained mutation: Your flesh is cold resistant. [demonic ancestry]
   622 | D:2      | Reached XP level 3. HP: 24/28 MP: 3/3
   895 | D:2      | Found an iron altar of Okawaru.
   899 | D:2      | Reached skill level 1 in Armour
   933 | D:2      | Became a worshipper of Warmaster Okawaru
  1116 | D:2      | Gained mutation: You have a somewhat thin skeletal structure (Dex +2, Stealth). [demonic ancestry]
  1116 | D:2      | Reached XP level 4. HP: 8/34 MP: 4/4
  1649 | D:2      | Reached skill level 4 in Long Blades
  1757 | D:3      | Found a deep blue altar of Sif Muna.
  1793 | D:3      | Found a blossoming altar of Fedhas.
  2103 | D:3      | Gained mutation: You have a moderately thin skeletal structure (Dex +4, Stealth+). [demonic ancestry]
  2103 | D:3      | Reached XP level 5. HP: 29/40 MP: 5/5
  2582 | D:4      | Found Vishavets's Armour Boutique.
  2663 | D:4      | Found Qine's Assorted Antiques.
  2733 | D:4      | Got a fine brass ring
  2839 | D:4      | Identified the ring "Atasud" {rN+ MR+ Str-4 SInv Stlth-} (You found it on level 4 of the Dungeon)
  3007 | D:4      | Found Unloacyg's Assorted Antiques.
  3012 | D:4      | Noticed a phantom
  3022 | D:4      | Killed a phantom
  3022 | D:4      | Reached * piety under Okawaru
  3022 | D:4      | Reached XP level 6. HP: 28/48 MP: 6/6
  3206 | D:4      | Found an ancient bone altar of Kikubaaqudgha.
  3312 | D:4      | Found Xoaziof's Antique Armour Boutique.
  3356 | D:4      | Found Fiatyfam's Weapon Shop.
  3378 | D:5      | Entered Level 5 of the Dungeon
  3407 | D:5      | Reached skill level 5 in Long Blades
  3446 | D:5      | Noticed Dowan
  3457 | D:5      | Noticed Duvessa
  3471 | D:5      | Killed Duvessa
  3471 | D:5      | Reached XP level 7. HP: 43/55 MP: 7/7
  3552 | D:5      | Killed Dowan
  3698 | D:5      | Found a staircase to the Ecumenical Temple.
  4177 | D:5      | Reached ** piety under Okawaru
  4177 | D:5      | Reached skill level 5 in Fighting
  4348 | D:5      | Gained mutation: You have very sharp fingernails. [demonic ancestry]
  4348 | D:5      | Reached XP level 8. HP: 52/62 MP: 8/8
  4400 | D:6      | Reached skill level 6 in Long Blades
  4420 | D:6      | Reached skill level 5 in Armour
  5236 | D:6      | Found a stormy altar of Qazlal.
  5790 | D:7      | Found an opulent altar of Gozag.
  5800 | D:7      | Reached skill level 7 in Long Blades
  5859 | D:7      | Noticed manyhoops's ghost (novice DsGl)
  5905 | D:7      | Reached *** piety under Okawaru
  5905 | D:7      | Reached XP level 9. HP: 67/69 MP: 9/9
  5963 | D:7      | Killed manyhoops's ghost
  6007 | D:7      | Found a bloodstained altar of Trog.
  6166 | D:7      | Noticed Menkaure
  6174 | D:7      | Killed Menkaure
  6193 | D:7      | Reached skill level 8 in Long Blades
  6431 | D:8      | Found a snail-covered altar of Cheibriados.
  6432 | D:8      | Found a shadowy altar of Dithmenos.
  6432 | D:8      | Found a sparkling altar of Nemelex Xobeh.
  6462 | D:8      | Reached **** piety under Okawaru
  7122 | D:9      | Found a staircase to the Orcish Mines.
  7374 | D:8      | Reached ***** piety under Okawaru
  7374 | D:8      | Reached XP level 10. HP: 32/80 MP: 10/10
  7940 | D:8      | Reached skill level 9 in Long Blades
  8448 | D:9      | Received a gift from Okawaru
  8451 | D:9      | Got a pair of ichor-stained gloves {god gift}
  8457 | D:9      | Identified the +0 pair of gloves of Duck's Teeth {+Blink Int+2} (Okawaru gifted it to you on level 9 of the Dungeon)
  8821 | D:9      | Found a blossoming altar of Fedhas.
  9062 | D:4      | Bought a runed cloak for 117 gold pieces
  9102 | D:4      | Bought a scroll of enchant armour for 232 gold pieces
  9321 | Orc:1    | Entered Level 1 of the Orcish Mines
  9525 | D:10     | Entered Level 10 of the Dungeon
  9537 | D:10     | Found a staircase to the Lair.
  9640 | D:10     | Killed from afar by an electric eel

Action                   |  1- 3 |  4- 6 |  7- 9 | 10-12 || total
-------------------------+-------+-------+-------+-------++-------
Melee: Long sword        |   119 |   176 |    84 |       ||   379
       Falchion          |       |       |   273 |   212 ||   485
  Use: Scroll            |       |     4 |     7 |    10 ||    21
       Potion            |       |       |       |     2 ||     2
 Stab: Sleeping          |       |     2 |       |       ||     2
  Eat: Chunk             |     1 |     7 |     6 |     3 ||    17
       Bread ration      |       |       |     2 |     2 ||     4
       Meat ration       |       |       |     1 |       ||     1
       Beef jerky        |       |       |     1 |       ||     1
